 Dungeon Crawl Stone Soup version 0.28.0-45-g0d030f2227 (webtiles) character file.

Game seed: 18434371084760702527

129 raph the Slasher (level 4, -2/40 HPs)
             Began as a Minotaur Fighter on Apr 24, 2022.
             Slain by a scorpion (7 damage)
             ... on level 3 of the Dungeon on Apr 25, 2022.
             The game lasted 00:04:40 (2604 turns).

raph the Slasher (Minotaur Fighter)                 Turns: 2604, Time: 00:04:41

Health: -2/40      AC:  8    Str: 20    XL:     4   Next: 88%
Magic:  3/3        EV:  9    Int:  5    God:
Gold:   65         SH:  4    Dex: 12    Spells: 3/3 levels left

rFire   . . .      SeeInvis .   a - +0 long sword
rCold   . . .      Faith    .   c - +0 buckler
rNeg    . . .      Spirit   .   e - +0 scale mail
rPois   .          Reflect  .   (helmet restricted)
rElec   .          Harm     .   r - +0 cloak
rCorr   .          Rampage  .   (no gloves)
Will    .....                   (no boots)
Stlth   ..........              (no amulet)
HPRegen 0.13/turn               (no ring)
MPRegen 0.08/turn               (no ring)

@: mighty, lethally poisoned (-2 -> -14)
A: horns 2, retaliatory headbutt
a: no special abilities


You were on level 3 of the Dungeon.
You visited 1 branch of the dungeon, and saw 3 of its levels.

You collected 65 gold pieces.

Inventory:

Hand Weapons
 a - a +0 long sword (weapon)
 b - a +0 hunting sling
Missiles
 i - 33 stones
 u - 2 throwing nets
 v - 4 poisoned darts (quivered)
 w - 9 sling bullets
Armour
 c - a +0 buckler (worn)
 e - a +0 scale mail (worn)
 r - a +0 cloak (worn)
Jewellery
 j - a +4 ring of evasion
 k - a ring of flight
Wands
 n - a wand of digging (5)
Scrolls
 f - 2 scrolls of immolation {unknown}
 g - a scroll of teleportation {unknown}
 l - a scroll of enchant weapon {unknown}
 p - a scroll of torment {unknown}
 q - 2 scrolls of identify {unknown}
 s - a scroll of magic mapping {unknown}
 x - a scroll of enchant armour {unknown}
Potions
 h - a potion of haste {unknown}
 m - a potion of flight {unknown}
 o - a potion of lignification {unknown}
 t - a potion of curing {unknown}


   Skills:
 - Level 3.8 Fighting
 + Level 5.9 Long Blades
 - Level 3.8 Armour
 - Level 3.8 Shields


You had 3 spell levels left.
You didn't know any spells.
Your spell library was empty.

Dungeon Overview and Level Annotations

Branches:
Dungeon (3/15)

Altars:
Uskayaw


Innate Abilities, Weirdness & Mutations

You have a pair of horns on your head.
You reflexively headbutt those who attack you in melee.


Message History

You shoot a sling bullet.
The sling bullet hits the scorpion but does no damage.
You shoot a sling bullet.
The sling bullet closely misses the scorpion.
The sling bullet completely misses the orc.
You shoot a sling bullet. The sling bullet hits the scorpion.
The scorpion is lightly wounded.
The scorpion closely misses you.
a - a +0 long sword (weapon)
You hit the scorpion.
The scorpion is moderately wounded.
The scorpion stings you.
You are poisoned.
The scorpion poisons you! The scorpion stings you.
You closely miss the scorpion. Your headbutt misses the scorpion.
The scorpion is moderately wounded.
You feel very sick. The scorpion stings you.
You are more poisoned.
The scorpion poisons you!
You hit the scorpion.
The scorpion is severely wounded.
You feel very sick. The scorpion barely misses you.
You closely miss the scorpion.
The scorpion is severely wounded.
You feel very sick. The scorpion misses you. The scorpion stings you.
You are lethally poisoned!
The scorpion poisons you!
You hit the scorpion.
The scorpion is almost dead.
* * * LOW HITPOINT WARNING * * *
You feel very sick. The scorpion barely misses you.
You feel very mighty all of a sudden.
* * * LOW HITPOINT WARNING * * *
You feel very sick. The scorpion stings you!
You die...

#.#..#.#..#888#
#.#..'.#..#...#
#.#..#.#..##'##
#.#..#_#......#
#.#..###..#...#
#.##......#####
####...###...#8..#######
#>........#####..#......
#####..@.......†..######
###s####.....## #o#
####### #o########
#.#....... #(#.......
####'#.......
#...(........
#....).......


You could see a scorpion and 2 orcs.

Vanquished Creatures
  Crazy Yiuf (D:2)
  4 gnolls (D:2)
  An adder (D:2)
  2 worms
  An orc (D:3)
  5 ball pythons
  2 endoplasms
  A giant cockroach (D:1)
  3 goblins
  4 hobgoblins (D:1)
  4 jackals (D:2)
  3 quokkas
  6 bats
  7 frilled lizards
  3 kobolds (D:3)
  2 rats (D:1)
49 creatures vanquished.

Notes
Turn   | Place    | Note
-------+----------+-------------------------------------------
     0 | D:1      | raph the Minotaur Fighter began the quest for the Orb.
     0 | D:1      | Reached XP level 1. HP: 19/19 MP: 0/0
    74 | D:1      | Reached XP level 2. HP: 27/27 MP: 1/1
   225 | D:1      | Reached skill level 3 in Long Blades
   682 | D:2      | Reached XP level 3. HP: 31/33 MP: 2/2
   820 | D:2      | Reached skill level 4 in Long Blades
   830 | D:2      | Reached XP level 4. HP: 27/40 MP: 3/3
  1066 | D:2      | Found a hide-covered altar of Uskayaw.
  1280 | D:2      | Reached skill level 5 in Long Blades
  1386 | D:2      | Found a runed translucent door.
  1387 | D:2      | Noticed Crazy Yiuf
  1400 | D:2      | Killed Crazy Yiuf
  2489 | D:3      | Found a faded altar of an unknown god.
  2576 | D:3      | Noticed a scorpion
  2604 | D:3      | Slain by a scorpion

Illustrated notes

Levels and vault maps discovered:
D:1:      dpeg_arrival_arbitrary_a, layout_basic
D:2:      layout_basic, basic_altar, uniq_crazy_yiuf_cottage
D:3:      layout_basic, shapermc_ecumenical_altar_mp_vishouse,
          minmay_randomly_rotated_circles

Skill      XL: |  1  2  3  4 |
---------------+-------------+-----
Long Blades    | 3 4 5 |  5.9
Fighting       | |  3.8
Armour         | |  3.8
Shields        | |  3.8

Action                   |  1- 3 |  4- 6 || total
-------------------------+-------+-------++-------
Melee: Long sword        |    50 |    41 ||    91
       Headbutt          |     5 |     9 ||    14
 Fire: Hunting sling     |     9 |    13 ||    22
Throw: Throwing net      |       |     2 ||     2
       Stone             |       |     1 ||     1
  Use: Potion            |       |     1 ||     1
Armor: Scale mail        |    23 |    12 ||    35
Dodge: Dodged            |    22 |    19 ||    41
Block: Buckler           |     9 |     5 ||    14
